 Dungeon Crawl Stone Soup version 0.32-a0-119-g2e8054a (webtiles) character file.

Game seed: 5325011496117054179

12948 Dorkslayer the Grappler (level 12, 0/75 (80) HPs)
             Began as an Octopode Fighter on Feb 5, 2024.
             Was an Elder of Dithmenos.
             Killed from afar by Josephine (36 damage)
             ... with a ghostly fireball
             ... on level 14 of the Dungeon on Feb 6, 2024.
             The game lasted 00:29:13 (9907 turns).

Dorkslayer the Grappler (Octopode Fighter)          Turns: 9907, Time: 00:29:14

HP:   0/75 (80)     AC:  1    Str: 22    XL:     12   Next: 0%
MP:   10/10         EV: 15    Int: 29    God:    Dithmenos [****..]
Gold: 969           SH: 20    Dex: 18    Spells: 4/11 levels left

rFire   . . .        q - +5 war axe
rCold   . . .        z - +4 kite shield of Contumacious Liberty {Str+3 Slay+3}
rNeg    . . .        (helmet currently unavailable)
rPois   +            e - amulet of reflection
rElec   .            g - ring of resist corrosion
rCorr   +            d - +6 ring of intelligence
SInv    +            j - +4 ring of slaying
Will    .....        u - +6 ring of intelligence
Stlth   +++++++      h - +6 ring of dexterity
HPRegen 0.32/turn    n - ring of see invisible
MPRegen 0.12/turn    w - ring of poison resistance
                     N - +6 ring of intelligence

%: reflection
@: beast-form, slowed, wreathed by umbra, studying Maces & Flails, drained, very
slow
A: beast (slay +2), almost no armour, amphibious, 8 rings, camouflage 1,
gelatinous body 1, (nimble swimmer 1), tentacles, low MP 1
a: Begin Untransformation, Renounce Religion, Shadow Step


You were on level 14 of the Dungeon.
You worshipped Dithmenos.
Dithmenos was greatly pleased with you.
You were a hulking beast.
You visited 2 branches of the dungeon, and saw 13 of its levels.
You also visited: Bailey.

You collected 969 gold pieces.

Inventory:

Hand Weapons
 f - a +3 war axe
 i - a +5 trident
 k - a +2 hand axe of freezing
 p - a +2 falchion of flaming
 q - a +5 war axe (weapon)
 v - a +1 heavy flail
 x - a +5 flail
Missiles
 m - 22 boomerangs
 C - 7 curare-tipped darts (quivered)
 E - 4 atropa-tipped darts
 F - 4 datura-tipped darts
 L - 6 javelins
Armour
 a - a +1 buckler
 z - the +4 kite shield of Contumacious Liberty (worn) {Str+3 Slay+3}
   (You acquired it on level 8 of the Dungeon)

   Str+3:     It affects your strength (+3).
   Slay+3:    It affects your accuracy & damage with ranged weapons and melee
   (+3).
Jewellery
 d - a +6 ring of intelligence (right tentacle)
 e - an amulet of reflection (around mantle)
 g - a ring of resist corrosion (left tentacle)
 h - a +6 ring of dexterity (on tentacle)
 j - a +4 ring of slaying (on tentacle)
 n - a ring of see invisible (on tentacle)
 u - a +6 ring of intelligence (on tentacle)
 w - a ring of poison resistance (on tentacle)
 y - a ring of ice
 N - a +6 ring of intelligence (on tentacle)
Talismans
 l - a serpent talisman
 s - a beast talisman (active)
Wands
 c - a wand of light (1)
 A - a wand of digging (7)
 G - a wand of flame (24)
Scrolls
 o - 3 scrolls of fear
 r - a scroll of immolation
 J - a scroll of amnesia
 M - a scroll of identify
Potions
 b - a potion of magic
 t - a potion of ambrosia
 B - 3 potions of brilliance
 D - 2 potions of curing
 H - a potion of resistance
 K - a potion of cancellation
Miscellaneous
 I - a sack of spiders


   Skills:
 * Level 6.8 Fighting
 + Level 8.0 Axes
 + Level 2.4 Throwing
 + Level 5.4 Dodging
 + Level 7.2 Stealth
 * Level 6.9 Shields
 * Level 10.7 Unarmed Combat
 * Level 6.6 Evocations
 * Level 3.5 Shapeshifting


You had 4 spell levels left.
You knew the following spells:

 Your Spells              Type           Power      Damage    Failure   Level
a - Inner Flame           Hex/Fire       0%         N/A       52%         3
b - Iskenderun's Mystic   Conj/Tloc      0%         2d3       90%         4

Your spell library contained the following spells:

 Spells                   Type           Power      Damage    Failure   Level
 Call Imp                 Summ           0%         N/A       30%         2
 Cigotuvi's Dreadful Rot  Necr/Alch/Air  0%         N/A       30%         2
 Jinxbite                 Hex            0%         N/A       30%         2
 Sublimation of Blood     Necr           0%         N/A       30%         2
 Dazzling Flash           Conj/Hex       0%         N/A       52%         3
 Volatile Blastmotes      Fire/Tloc      0%         2d10      52%         3
 Dispel Undead            Necr           0%         3d6       90%         4
 Fulminant Prism          Conj/Alch      0%         3d5       90%         4
 Martyr's Knell           Necr/Summ      0%         N/A       90%         4
 Irradiate                Conj/Alch      0%         3d11      99%         5
 Yara's Violent Unravell  Hex/Alch       0%         3d3       99%         5
 Death Channel            Necr           0%         N/A       100%        6
 Starburst                Conj/Fire      0%         6d3       100%        6
 Enfeeble                 Hex            0%         N/A       100%        7
 Summon Hydra             Summ           0%         N/A       100%        7
 Ignition                 Fire           0%         3d3       100%        8
 Maxwell's Capacitive Co  Air            0%         ∞         100%        8


Dungeon Overview and Level Annotations

Branches:
Dungeon (11/15)            Temple (1/1) D:4          Bailey (visited)
   Lair: D:8-11         Orc: D:9-12

Altars:
Ashenzari
Cheibriados
Dithmenos
Elyvilon
Fedhas
Gozag
Hepliaklqana
Kikubaaqudgha
Makhleb
Nemelex Xobeh
Okawaru
Qazlal
Ru
Sif Muna
Trog
Uskayaw
Vehumet
Wu Jian
Xom
Yredelemnul
Zin
The Shining One

Shops:
D:7 :

Annotations:
D:14 Josephine


Innate Abilities, Weirdness & Mutations

You are a hulking beast.
Your limbs bulge with bestial killing power. (Slay +2)
You cannot wear most types of armour.
You are amphibious.
You can wear up to eight rings at the same time.
Your skin changes colour to match your surroundings (Stealth+).
Your rubbery body absorbs attacks. (AC +1, EV +1)
((You are camouflaged when in or above water. (Stealth+)))
You have tentacles for arms and can constrict up to eight enemies at once.
Your magical capacity is low. (-10% MP)


Message History

The wraith is heavily damaged.
You closely miss the wraith. You slash the wraith!
You destroy the wraith!
Dithmenos accepts your kill. The wraith hits you.
The wraith drains your vigour!
You feel as though you will be slow longer.
You block the wraith's attack. x2
Josephine screams, "I have something special for you."
The wraith barely misses you.
You slash the wraith! You tentacle-slap the wraith.
The wraith is almost destroyed.
You completely miss the wraith. You block the wraith's attack.
You closely miss the wraith.
The wraith is almost destroyed.
You closely miss the wraith. You slash the wraith!
You block the wraith's attack. x3; The wraith hits you.
The wraith misses you. The wraith completely misses you.
Unknown command.
You slash the wraith!
You destroy the wraith!
Dithmenos accepts your kill.
You barely miss the wraith. You slash the wraith!
You block the wraith's attack. x3
Josephine hits you with a +2 dagger of protection!
The wraith hits you! The wraith drains your vigour!
You feel as though you will be slow longer.
Your Axes skill increases to level 8!
You have reached level 12!
You slash Josephine! You grab Josephine.
You squeeze Josephine, but do no damage.
Josephine is lightly wounded.
You slash the wraith!
You destroy the wraith!
Dithmenos accepts your kill.
You closely miss the wraith. You constrict Josephine.
You block the wraith's attack. Josephine barely misses you.
Josephine points at you and mumbles some strange words.
The ghostly flame explodes!
The ghostly fireball engulfs you!!!
You feel drained.
You die...

+.#...........# #
#|########..# #.#
#####..#
###.####......#
##........###.$##
##.##.####...WW....
#..##.# #.####.####
###..##.####W####.#
#....##......h@...#
####.........######
###########


You could see Josephine and a wraith.

Vanquished Creatures
  Jorgrun (D:14)
  Erolcha (D:9)
  A two-headed ogre (D:8)
  Pikel (D:4)
  A gargoyle (D:10)
  A troll (D:9)
  2 hornets
  Prince Ribbit (D:7)
  Sigmund (D:4)
  18 yaks
  A vampire (D:11)
  2 wyverns (D:8)
  4 wraiths (D:14)
  Menkaure (D:7)
  A steam dragon (D:6)
  4 vampire mosquitoes (D:10)
  Edmund (D:4)
  6 orc warriors
  A sky beast (D:6)
  3 centaurs
  A phantom (D:6)
  2 lemures (D:4)
  6 kobold brigands
  Blork the orc (D:4)
  5 bullfrogs
  A gnoll sergeant (D:6)
  A scorpion (D:5)
  14 wights
  15 killer bees
  6 howler monkeys
  3 orc priests
  2 bombardier beetles
  Crazy Yiuf (D:4)
  4 jellies
  5 iguanas
  2 sleepcaps
  7 orc wizards
  Robin (D:4)
  8 adders
  7 gnolls
  2 white imps
  5 dart slugs
  A ribbon worm (D:2)
  30 orcs
  4 endoplasms
  3 giant cockroaches
  15 goblins
  9 hobgoblins
  3 jackals (D:2)
  5 quokkas
  6 ball pythons
  3 bats
  2 frilled lizards
  16 kobolds
  6 rats
254 creatures vanquished.

Vanquished Creatures (others)
  A black bear (D:6)
1 creature vanquished.

Grand Total: 255 creatures vanquished

Notes
Turn   | Place    | Note
-------+----------+-------------------------------------------
     0 | D:1      | Dorkslayer the Octopode Fighter began the quest for the
                  | Orb.
     0 | D:1      | Reached XP level 1. HP: 16/16 MP: 1/1
   124 | D:1      | Reached XP level 2. HP: 8/21 MP: 2/2
   330 | D:1      | Reached skill level 1 in Stealth
   630 | D:1      | Reached XP level 3. HP: 21/26 MP: 3/3
  1339 | D:2      | Reached XP level 4. HP: 31/31 MP: 4/4
  1743 | D:3      | Reached skill level 3 in Unarmed Combat
  1824 | D:3      | Reached XP level 5. HP: 33/36 MP: 5/5
  1904 | D:3      | Reached skill level 4 in Unarmed Combat
  2291 | D:4      | Found a staircase to the Ecumenical Temple.
  2306 | D:4      | Reached XP level 6. HP: 42/42 MP: 6/6
  2311 | Temple   | Entered the Ecumenical Temple
  2356 | Temple   | Became a worshipper of Dithmenos the Shadowed
  2458 | D:4      | Noticed Robin
  2630 | D:4      | Noticed Pikel
  2645 | D:4      | Gained mutation: You have hidden genetic defects. [potion
                  | of mutation]
  2645 | D:4      | Gained mutation: You are robust. (+10% HP) [potion of
                  | mutation]
  2652 | D:4      | Killed Pikel
  2653 | D:4      | Reached skill level 6 in Unarmed Combat
  2653 | D:4      | Reached XP level 7. HP: 22/50 MP: 7/7
  2654 | D:4      | Gained mutation: Your magical capacity is low. (-10% MP)
                  | [hidden defects]
  2656 | D:4      | Killed Robin
  2842 | D:4      | Noticed Blork the orc
  2852 | D:4      | Killed Blork the orc
  2853 | D:4      | Reached skill level 7 in Unarmed Combat
  2853 | D:4      | Reached XP level 8. HP: 45/57 MP: 7/7
  2865 | D:4      | Lost mutation: You are robust. (+10% HP) [hidden defects]
  2865 | D:4      | Lost mutation: You have hidden genetic defects. [hidden
                  | defects expressed]
  3021 | D:4      | Reached * piety under Dithmenos
  3260 | D:4      | Noticed Edmund
  3270 | D:4      | Killed Edmund
  3356 | D:4      | Reached skill level 5 in Stealth
  3362 | D:4      | Noticed Sigmund
  3365 | D:4      | Killed Sigmund
  3366 | D:4      | Reached skill level 8 in Unarmed Combat
  3553 | D:4      | Found a runed translucent door.
  3554 | D:4      | Noticed Crazy Yiuf
  3562 | D:4      | Killed Crazy Yiuf
  3654 | D:5      | Entered Level 5 of the Dungeon
  3830 | D:5      | Found a shimmering blue altar of Sif Muna.
  4212 | D:6      | Reached skill level 9 in Unarmed Combat
  4216 | D:6      | Reached skill level 1 in Evocations
  4219 | D:6      | Reached XP level 9. HP: 37/58 MP: 8/8
  4337 | D:6      | Found an ornate altar of the Wu Jian Council.
  4600 | D:6      | Found a hazy altar of Hepliaklqana.
  4609 | D:6      | HP: 4/87 [poisoned by a gnoll sergeant]
  4652 | D:6      | Reached ** piety under Dithmenos
  5102 | D:6      | Found a shimmering blue altar of Sif Muna.
  5521 | D:7      | Reached skill level 1 in Axes
  6113 | D:7      | Found Muhiedgh's Tremendous Tomes.
  6383 | D:7      | Reached skill level 1 in Shapeshifting
  6398 | D:7      | Noticed Menkaure
  6404 | D:7      | Killed Menkaure
  6405 | D:7      | Reached XP level 10. HP: 61/65 MP: 9/9
  6477 | D:7      | Noticed Prince Ribbit
  6485 | D:7      | Killed Prince Ribbit
  6492 | D:7      | Reached skill level 10 in Unarmed Combat
  7021 | D:8      | Noticed a two-headed ogre
  7033 | D:8      | Killed a two-headed ogre
  7034 | D:8      | Reached skill level 5 in Fighting
  7057 | D:8      | Identified a scroll of acquirement
  7057 | D:8      | Acquired the +4 kite shield of Contumacious Liberty {Str+3
                  | Slay+3}
  7076 | D:8      | Reached skill level 5 in Axes
  7125 | D:8      | Found a snail-covered altar of Cheibriados.
  7147 | D:8      | Reached skill level 5 in Shields
  7150 | D:8      | Reached skill level 5 in Evocations
  7154 | D:8      | Reached *** piety under Dithmenos
  7158 | D:8      | Reached skill level 5 in Dodging
  7225 | D:8      | Found a flagged portal.
  7233 | Bailey   | Entered a bailey
  7364 | Bailey   | Found an iron altar of Okawaru.
  7485 | D:8      | Upgraded the game from 0.32-a0-114-g70af1cc7 to
                  | 0.32-a0-119-g2e8054a
  7869 | D:8      | Found a sparkling altar of Nemelex Xobeh.
  7910 | D:9      | Noticed Erolcha
  7917 | D:9      | Killed Erolcha
  7918 | D:9      | Reached skill level 1 in Throwing
  7918 | D:9      | Reached XP level 11. HP: 72/72 MP: 9/9
  7949 | D:9      | Found a hide-covered altar of Uskayaw.
  8302 | D:9      | Found a burning altar of Makhleb.
  8302 | D:9      | Noticed a green death
  8895 | D:10     | Entered Level 10 of the Dungeon
  8924 | D:10     | Reached **** piety under Dithmenos
  9311 | D:10     | Learned a level 3 spell: Inner Flame
  9316 | D:10     | Learned a level 4 spell: Iskenderun's Mystic Blast
  9343 | D:10     | Found an ancient bone altar of Kikubaaqudgha.
  9853 | D:11     | You fall into a shaft and drop 3 floors!
  9860 | D:14     | Noticed Jorgrun
  9869 | D:14     | Killed Jorgrun
  9881 | D:14     | Noticed a brown ugly thing
  9881 | D:14     | Noticed a brown ugly thing
  9881 | D:14     | Noticed a brown ugly thing
  9896 | D:14     | Noticed Josephine
  9907 | D:14     | Reached XP level 12. HP: 36/80 MP: 10/10
  9907 | D:14     | Killed from afar by Josephine

Illustrated notes

Levels and vault maps discovered:
D:1:      ebering_trefoil_twist, layout_basic
D:2:      layout_loops_ring
D:3:      layout_basic, dk_noncrumbling_2
D:4:      layout_basic, minmay_temple_entry_steel_oval, grunt_decor_one_mirror,
          sigmund_edmund_badplayer, uniq_robin, uniq_pikel,
          uniq_crazy_yiuf_cottage, uniq_blork_the_orc
D:5:      layout_cave_pools, nicolae_sif_muna_little_library,
          minmay_misc_feat_square
D:6:      minmay_spotlight, layout_loops_corners, nzn_wu_jian_council_hall,
          hangedman_feature_mirror
D:7:      lemuel_ice_spiral_2, layout_basic, nicolae_shop_i_like_big_books,
          uniq_prince_ribbit1, uniq_menkaure
D:8:      layout_loops_cross, old_standard_altar, kennysheep_little_box,
          enter_bailey_3, moated_statue
D:9:      layout_irregular_city, makhleb_altar_promises_db,
          eat_drink_and_be_merry_uskayaw, uniq_erolcha
D:10:     layout_roguey, mainiacjoe_overflow_alcove_4
D:11:     layout_layer_cave, lair_entry_dummy, portal_ice_cave_entry_imps,
          minmay_misc_feat_diagonals
D:14:     layout_loops_ring, kennysheep_cross_room, nicolae_wooded_promenade,
          uniq_josephine, uniq_roxanne, uniq_louise, uniq_jorgrun
Temple:   regret_index_temple_generic_petals

Skill      XL: |  1  2  3  4  5  6  7  8  9 10 11 |
---------------+----------------------------------+-----
Stealth        | 1 2 3 4 6 7 |  7.2
Unarmed Combat | 3 4 6 7 9 10 | 10.7
Shields        | 4 5 6 |  6.9
Evocations     | 2 4 5 6 |  6.6
Dodging        | 4 5 |  5.4
Fighting       | 4 5 6 |  6.8
Axes           | 3 6 8 |  8.0
Shapeshifting  | 1 2 3 |  3.5
Throwing       | 1 2 |  2.4

Action                     |  1- 3 |  4- 6 |  7- 9 | 10-12 || total
---------------------------+-------+-------+-------+-------++-------
  Melee: Unarmed           |    61 |    93 |    93 |       ||   247
         Constrict         |    18 |    29 |    45 |    29 ||   121
         Tentacles         |    16 |    21 |    43 |    47 ||   127
         Punch             |     3 |     5 |    15 |    15 ||    38
         War axe           |       |       |    69 |   191 ||   260
  Throw: Boomerang         |       |     1 |     6 |     7 ||    14
         Dart              |       |       |       |    23 ||    23
  Evoke: Wand              |       |       |     8 |     9 ||    17
    Use: Scroll            |     1 |     3 |    14 |     4 ||    22
         Potion            |       |     4 |     6 |       ||    10
   Stab: Sleeping          |    14 |     6 |    12 |     7 ||    39
 Armour: Skin              |    11 |    29 |    61 |    42 ||   143
  Dodge: Dodged            |    13 |    22 |    81 |    64 ||   180
  Block: Buckler           |    17 |    35 |    71 |     8 ||   131
         Reflection        |     2 |     1 |     1 |    12 ||    16
         Kite shield       |       |       |       |   196 ||   196
   Form: Beast             |       |       |     1 |       ||     1

Table legend: (Time is in decaauts)
 A = Elapsed time spent in this place.
 B = Non-inter-level travel time spent in this place.
 C = Inter-level travel time spent in this place.
 D = Time resting spent in this place.
 E = Time spent auto-exploring this place.
 F = Levels seen in this place.
 G = Mean time per level.
                   A        B        C        D        E       F      G
               +--------+--------+--------+--------+--------+-----+--------+
         Total |   9965 |   9883 |     82 |    496 |   5609 |  14 |  711.8 |
       Dungeon |   9650 |   9568 |     82 |    438 |   5601 |  12 |  804.2 |
        Temple |     74 |     74 |      0 |      0 |      0 |   1 |   74.0 |
        Bailey |    240 |    240 |      0 |     58 |      8 |   1 |  240.0 |
               +--------+--------+--------+--------+--------+-----+--------+

Top non-repeatable levels by time:
     D:6: 1881 daAuts
     D:4: 1291 daAuts
     D:9: 999 daAuts
     D:7: 946 daAuts
     D:1: 880 daAuts
    D:10: 866 daAuts
     D:2: 857 daAuts
     D:8: 668 daAuts
     D:3: 550 daAuts
     D:5: 545 daAuts
  Bailey: 240 daAuts
    D:11: 104 daAuts
  Temple: 74 daAuts
    D:14: 59 daAuts
